cohdb
Replays
Latest Replays
All Replays
Popular Replays
Top Player Replays
Match Explorer
How It Works
Community
CoH3 Stats
Reddit
Sign in to upload your games and track your stats! →
Sign in with Steam
Match 40720520
Unlisted
Match 40720520
Overview
Messages
Build Orders
End
Panzergrenadier Squad
250 Light Carrier
Panzerpioneer Squad
Panzergrenadier Squad
Construct Light Support Kompanie
Selects Panzerjäger Kommand Battlegroup
Selects Mine Fields
2.5-tonne Medical Truck
Panzerjäger Squad
Selects Tank Busters
ChaosMar1ne
Spink
Overlord
Catboy Supremacy
Lukylife
treberios
0
0
Comments
sign in to comment!
No comments posted yet!